 Dungeon Crawl Stone Soup version 0.28-a0-925-gd5e1996cdb (webtiles) character file.

Game seed: 18009977393264866383

184 croobank the Digger (level 5, -3/32 HPs)
             Began as an Octopode Earth Elementalist on Nov 26, 2021.
             Slain by a steam dragon (6 damage)
             ... on level 4 of the Dungeon.
             The game lasted 00:17:07 (2727 turns).

croobank the Digger (Octopode Earth Elementalist)   Turns: 2727, Time: 00:17:09

Health: -3/32      AC:  1    Str:  8    XL:     5   Next: 63%
Magic:  9/9        EV: 13    Int: 17    God:
Gold:   77         SH:  0    Dex: 13    Spells: 5/9 levels left

rFire   . . .      SeeInvis .   a - +4 hand axe
rCold   . . .      Faith    .   (no shield)
rNeg    . . .      Spirit   .   (helmet restricted)
rPois   .          Reflect  .   e - amulet of regeneration
rElec   .          Harm     .   j - ring of resist corrosion
rCorr   +          Rampage  .   n - ring of willpower
Will    +....                   (no ring)
Stlth   +++.......              (no ring)
HPRegen 0.90/turn               (no ring)
MPRegen 0.11/turn               (no ring)
                                (no ring)
                                (no ring)

@: no status effects
A: almost no armour, amphibious, 8 rings, camouflage 1, gelatinous body 1,
(nimble swimmer 1), tentacles
a: no special abilities


You were on level 4 of the Dungeon.
You visited 1 branch of the dungeon, and saw 4 of its levels.

You collected 77 gold pieces.

Inventory:

Hand Weapons
 a - a +4 hand axe (weapon)
 b - a +0 hunting sling
 c - a +0 mace
 m - a +4 rapier of protection
 r - a +1 antimagic war axe
Missiles
 d - 17 sling bullets
 i - 169 stones
 s - 2 curare-tipped darts
Armour
 f - a +0 kite shield
 g - a +0 buckler
Jewellery
 e - an amulet of regeneration (around mantle)
 j - a ring of resist corrosion (left tentacle)
 n - a ring of willpower (right tentacle)
Wands
 k - a wand of charming (6)
 t - a wand of flame (14)
Scrolls
 p - 2 scrolls of teleportation {unknown}
 q - a scroll of blinking {unknown}
Potions
 h - a potion of cancellation
 l - 3 potions of flight
 o - a potion of resistance {unknown}


   Skills:
 + Level 0.5 Fighting
 * Level 2.3 Axes
 + Level 0.7 Slings
 + Level 2.4 Dodging
 + Level 3.1 Stealth
 * Level 1.5 Shields
 + Level 2.9 Spellcasting
 + Level 1.0 Transmutations
 + Level 3.8 Earth Magic


You had 5 spell levels left.
You knew the following spells:

 Your Spells              Type           Power      Damage    Failure   Level
a - Sandblast             Erth           30%        2d9       3%          1
b - Stone Arrow           Conj/Erth      18%        3d8       24%         3

Your spell library contained the following spells:

 Spells                   Type           Power      Damage    Failure   Level
 Passwall                 Tmut/Erth      8%         N/A       10%         2
 Petrify                  Tmut/Erth      10%        N/A       54%         4


Dungeon Overview and Level Annotations

Branches:
Dungeon (4/15)
 Temple: D:4-7

Altars:
Zin


Innate Abilities, Weirdness & Mutations

You cannot wear most types of armour.
You are amphibious.
You can wear up to eight rings at the same time.
Your skin changes colour to match your surroundings (Stealth+).
Your rubbery body absorbs attacks. (AC +1, EV +1)
((You are camouflaged near water. (Stealth+)))
You have tentacles for arms and can constrict up to eight enemies at once.


Message History

Done waiting.
You start waiting.
Done waiting.
There is an open door here.
There is an open door here.
Things that are here:
a +0 dagger; a +0 leather armour; an orc skeleton An endoplasm comes into view.
An endoplasm is nearby!
The endoplasm quivers.
The endoplasm closely misses you.
You hit the endoplasm.
The endoplasm is heavily wounded.
The endoplasm freezes you.
You are frozen.
You slash the endoplasm!
You kill the endoplasm!
There is an open door here.
A quokka comes into view.
Found 16 gold pieces.
Found 18 sling bullets.
A steam dragon comes into view.
The quokka barely misses you.
You hit the quokka. Your grab misses the quokka. You squeeze the quokka.
You kill the quokka!
You see here a quokka corpse.
Found a whip.
You see here 16 gold pieces.
You see here 18 sling bullets.
The helpless steam dragon fails to defend itself.
You slash the steam dragon!
The steam dragon is moderately wounded.
The steam dragon bites you! The steam dragon claws you.
You hit the steam dragon. Your squeeze misses the steam dragon.
The steam dragon is heavily wounded.
The steam dragon breathes steam at you. The ball of steam hits you!
* * * LOW HITPOINT WARNING * * *
The steam dragon bites you.
You die...

####
)...#######
##.....D..#
...^...@..#
#......§..#
#......§..#
#.........#
#.#.....###
#.#####†#
#.# #.# #.#
#.# #.# #.#


You could see a steam dragon (catching breath).

Vanquished Creatures
  Ijyb (D:2)
  Natasha (thrice) (D:3)
  A howler monkey skeleton (D:2)
  An ufetubus (D:4)
  A worm (D:2)
  An orc (D:4)
  6 ball pythons
  11 endoplasms
  2 giant cockroaches (D:3)
  10 goblins
  2 hobgoblins
  7 jackals
  2 kobolds
  2 quokkas
  4 bats
  2 frilled lizards
  3 rats
59 creatures vanquished.

Notes
Turn   | Place    | Note
-------+----------+-------------------------------------------
     0 | D:1      | croobank the Octopode Earth Elementalist began the quest
                  | for the Orb.
     0 | D:1      | Reached XP level 1. HP: 11/11 MP: 3/3
   203 | D:1      | Reached XP level 2. HP: 11/17 MP: 1/5
   865 | D:2      | Reached XP level 3. HP: 21/21 MP: 3/6
  1308 | D:2      | Noticed Ijyb
  1559 | D:3      | Noticed Natasha
  1568 | D:3      | Killed Natasha
  1569 | D:3      | Reached skill level 1 in Shields
  1569 | D:3      | Reached XP level 4. HP: 11/27 MP: 6/8
  1754 | D:2      | Upgraded the game from 0.28-a0-919-g0b5b508569 to
                  | 0.28-a0-925-gd5e1996cdb
  1784 | D:2      | Killed Ijyb
  1785 | D:2      | Reached skill level 1 in Axes
  1996 | D:3      | Reached XP level 5. HP: 29/32 MP: 9/9
  2016 | D:3      | Learned a level 3 spell: Stone Arrow
  2185 | D:3      | Noticed Natasha
  2191 | D:3      | Killed Natasha
  2230 | D:3      | Found a glowing silver altar of Zin.
  2290 | D:3      | Noticed Natasha
  2297 | D:3      | Killed Natasha
  2718 | D:4      | Noticed a steam dragon
  2727 | D:4      | Slain by a steam dragon

Illustrated notes

Levels and vault maps discovered:
D:1:      minmay_arrival_four_circles, layout_basic
D:2:      kennysheep_the_goblin_king, layout_basic, hex_large,
          minmay_small_reverse_x
D:3:      layout_loops_corners, mainiacjoe_overflow_small_starburst,
          uniq_natasha
D:4:      layout_basic, cheibriados_altar_1

Skill      XL: |  1  2  3  4  5 |
---------------+----------------+-----
Stealth        | 3 |  3.1
Shields        | 1 |  1.5
Axes           | 1 2 |  2.3
Fighting       | |  0.5
Slings         | |  0.7
Dodging        | |  2.4
Spellcasting   | |  2.9
Transmutations | |  1.0
Earth Magic    | |  3.8

Action                   |  1- 3 |  4- 6 || total
-------------------------+-------+-------++-------
Melee: Mace              |     7 |       ||     7
       Tentacles         |     3 |     7 ||    10
       Hand axe          |    31 |    40 ||    71
       Constrict         |     6 |    10 ||    16
 Fire: Hunting sling     |    12 |     2 ||    14
 Cast: Sandblast         |    23 |     3 ||    26
  Use: Scroll            |     2 |     1 ||     3
       Potion            |       |     1 ||     1
 Stab: Sleeping          |     2 |     5 ||     7
Armor: Skin              |     5 |       ||     5
Dodge: Dodged            |    35 |    26 ||    61

Table legend: (Time is in decaauts)
 A = Elapsed time spent in this place.
 B = Non-inter-level travel time spent in this place.
 C = Inter-level travel time spent in this place.
 D = Time resting spent in this place.
 E = Time spent auto-exploring this place.
 F = Levels seen in this place.
 G = Mean time per level.
                   A        B        C        D        E       F      G
               +--------+--------+--------+--------+--------+-----+--------+
         Total |   2725 |   2656 |     69 |    200 |   1730 |   4 |  681.2 |
       Dungeon |   2725 |   2656 |     69 |    200 |   1730 |   4 |  681.2 |
               +--------+--------+--------+--------+--------+-----+--------+

Top non-repeatable levels by time:
     D:3: 915 daAuts
     D:1: 732 daAuts
     D:2: 725 daAuts
     D:4: 351 daAuts
